 Dungeon Crawl Stone Soup version 0.27-a0-328-g7f782ed93a (webtiles) character file.

Game seed: 17596047775428954133

2398 HoaS the Cruncher (level 9, -2/48 HPs)
             Began as a Gargoyle Gladiator on Feb 11, 2021.
             Was a Priest of Okawaru.
             Slain by an orc warrior
             ... wielding a +0 trident
              (6 damage)
             ... on level 7 of the Dungeon.
             The game lasted 00:14:41 (6900 turns).

HoaS the Cruncher (Gargoyle Gladiator)              Turns: 6900, Time: 00:14:42

Health: -2/48      AC: 17    Str: 24    XL:     9   Next: 46%
Magic:  10/10      EV: 10    Int:  9    God:    Okawaru [***...]
Gold:   338        SH:  5    Dex: 11    Spells: 8/8 levels left

rFire    . . .     SeeInvis +   w - +0 quarterstaff
rCold    . . .     Faith    .   (shield currently unavailable)
rNeg     + . .     Spirit   .   x - +1 scale mail "Jusen" {Will+ Str+3}
rPois    ∞         Reflect  +   c - +1 helmet
rElec    +         Harm     .   (no cloak)
rCorr    .         Rampage  .   (no gloves)
Will     ++...                  p - +1 pair of boots
Stlth    ..........             s - amulet of reflection
HPRegen  0.16/turn              r - ring of see invisible
MPRegen  0.12/turn              v - ring of willpower

@: no status effects
A: negative energy resistance 1, electricity resistance, unbreathing,
petrification resistance, miasma immunity, AC +6
a: Renounce Religion, Heroism


You were on level 7 of the Dungeon.
You worshipped Okawaru.
Okawaru was most pleased with you.
You visited 2 branches of the dungeon, and saw 8 of its levels.
You also visited: Ossuary.

You collected 338 gold pieces.

Inventory:

Hand Weapons
 q - a +0 shortbow
 w - a +0 quarterstaff (weapon)
Missiles
 d - 2 throwing nets (quivered)
 h - 93 arrows
Armour
 c - a +1 helmet (worn)
 p - a +1 pair of boots (worn)
 t - a +0 plate armour
 x - the +1 scale mail "Jusen" (worn) {Will+ Str+3}
   (You found it on level 6 of the Dungeon)

   It affects your strength (+3).
   It affects your willpower, your defense against some magical effects.
Jewellery
 r - a ring of see invisible (left hand)
 s - an amulet of reflection (around neck)
 v - a ring of willpower (right hand)
Wands
 a - a wand of acid (5)
Scrolls
 b - a scroll of identify
 j - 3 scrolls of teleportation
 n - a scroll of fog
 o - 2 scrolls of blinking
Potions
 e - 2 potions of cancellation
 f - 2 potions of mutation
 g - a potion of lignification
 i - 6 potions of curing
 k - a potion of haste
 l - 3 potions of heal wounds
 m - a potion of resistance
 u - a potion of might


   Skills:
 - Level 2.1 Fighting
 * Level 12.0 Staves
 - Level 2.0 Bows
 - Level 1.7 Throwing
 - Level 2.4 Dodging
 - Level 2.5 Invocations


You had 8 spell levels left.
You didn't know any spells.
Your spell library contained the following spells:

 Spells                   Type           Power        Failure   Level
 Magic Dart               Conj           0%           71%         1
 Blink                    Tloc           N/A          85%         2
 Call Imp                 Summ           0%           85%         2
 Slow                     Hex            0%           85%         2
 Conjure Flame            Conj/Fire      0%           97%         3
 Mephitic Cloud           Conj/Pois/Air  0%           97%         3


Dungeon Overview and Level Annotations

Branches:
Dungeon (7/15)             Temple (1/1) D:5         Ossuary (visited)

Altars:
Ashenzari
Cheibriados
Dithmenos
Elyvilon
Fedhas
Hepliaklqana
Kikubaaqudgha
Makhleb
Nemelex Xobeh
Okawaru
Qazlal
Sif Muna
Trog
Uskayaw
Vehumet
Xom
Yredelemnul
Zin
The Shining One

Shops:
D:6 *

Annotations:
D:6 2 transporters


Innate Abilities, Weirdness & Mutations

You are resistant to torment.
Your stone body is resilient. (AC +6)
You are immune to poison.
You resist negative energy. (rN+)
You are resistant to electric shocks. (rElec)
You can survive without breathing.
You are immune to petrification.
You are immune to miasma.


Message History

You hit the orc but do no damage. The kobold hits you but does no damage.
The orc closely misses you. The kobold barely misses you.
The kobold closely misses you. The kobold barely misses you.
You hit the orc.
The orc is lightly wounded.
The orc closely misses you.
The orc warrior hits you from afar with a +0 trident!
The kobold hits you but does no damage. x2
The orc hits you but does no damage.
You thump the orc!
You kill the orc!
You block the kobold's attack. The kobold barely misses you.
The orc warrior barely misses you. The kobold hits you but does no damage.
The kobold completely misses you.
Items here: ( )) [ ††.
The orc warrior hits you from afar with a +0 trident!
An adder zombie comes into view.
The kobold throws a poisoned dart.
You reflect the poisoned dart off an invisible shield around you!
The poisoned dart hits the kobold!
The kobold is poisoned.
The kobold hits you but does no damage.
The kobold hits you with a +0 short sword.
You block the orc warrior's attack. The kobold hits you but does no damage.
You closely miss the kobold.
The kobold hits you but does no damage. x2
The orc warrior hits you from afar with a +0 trident!
* * * LOW HITPOINT WARNING * * *
The kobold hits you but does no damage. The kobold closely misses you.
The shadow imp barely misses you.
You sock the kobold!
You kill the kobold!
Okawaru accepts your kill.
The kobold hits you but does no damage. x2
You miss the quokka. The kobold hits you but does no damage.
The orc warrior hits you but does no damage.
The shadow imp hits you but does no damage.
The quokka misses you. The kobold hits you but does no damage.
You miss the quokka. The kobold hits you but does no damage.
The kobold barely misses you.
The orc warrior hits you from afar with a +0 trident.
You die...

..# #.### ...###...#
....#....## ..........#
........Z.##
...........##
#...#....#####
..#..#5@r......#
.......KKKo.#.#.##
.......oS...#.#..#####
........(†.##.##.##..##
...........#...#......#
##........##...##.#.[.###
#.........#..#..#.....#.#
.........##.# #.##.......
........# #.....#.


You could see an orc warrior, a water moccasin, a shadow imp, an orc, an adder
zombie, a quokka and 3 kobolds.

Vanquished Creatures
  Grinder (D:6)
  An orc warrior (D:6)
  A sky beast (D:6)
  2 ogres
  2 centaurs (D:6)
  3 phantoms
  A kobold brigand (D:7)
  3 bullfrogs (D:6)
  An elf zombie (Ossuary)
  7 wights
  3 howler monkeys
  2 orc priests (D:4)
  5 centaur zombies (Ossuary)
  3 bullfrog skeletons (D:6)
  4 worker ants
  An orc wizard (D:4)
  3 mummies
  A howler monkey zombie (D:5)
  11 adders
  A shadow imp (D:5)
  A white imp (D:6)
  2 ufetubi (D:5)
  An ooze (D:1)
  5 worms
  2 adder skeletons
  A dart slug (D:1)
  2 leopard geckos
  14 orcs
  A ball python (D:4)
  6 giant cockroaches
  11 goblins
  7 hobgoblins
  6 jackals
  7 kobolds
  3 bats
  4 frilled lizards
  3 goblin zombies (Ossuary)
  11 hobgoblin zombies (Ossuary)
  9 kobold zombies (Ossuary)
  A leopard gecko zombie (D:6)
  6 orc zombies (Ossuary)
  A quokka zombie (D:5)
  3 rats
  2 rat zombies (Ossuary)
165 creatures vanquished.

Vanquished Creatures (others)
  5 dream sheep (D:6)
  A frilled lizard (D:2)
  A kobold (D:2)
7 creatures vanquished.

Grand Total: 172 creatures vanquished

Notes
Turn   | Place    | Note
-------+----------+-------------------------------------------
     0 | D:1      | HoaS the Gargoyle Gladiator began the quest for the Orb.
     0 | D:1      | Reached XP level 1. HP: 12/12 MP: 1/1
   342 | D:1      | Reached XP level 2. HP: 13/17 MP: 2/2
   570 | D:1      | Reached skill level 4 in Staves
   983 | D:2      | Reached XP level 3. HP: 19/21 MP: 3/3
  1287 | D:2      | Found a radiant altar of Vehumet.
  1638 | D:2      | Reached XP level 4. HP: 20/26 MP: 4/4
  1843 | D:3      | Found an ancient bone altar of Kikubaaqudgha.
  1880 | D:3      | Found a broken altar of Ashenzari.
  1990 | D:3      | Reached skill level 5 in Staves
  2052 | D:3      | Found a hide-covered altar of Uskayaw.
  2537 | D:4      | Reached XP level 5. HP: 22/30 MP: 5/5
  2559 | D:4      | Reached skill level 6 in Staves
  2794 | D:4      | Reached XP level 6. HP: 19/35 MP: 6/6
  3085 | D:4      | Reached skill level 7 in Staves
  3914 | D:5      | Entered Level 5 of the Dungeon
  3945 | D:5      | Found a sparkling altar of Nemelex Xobeh.
  3981 | D:5      | Reached XP level 7. HP: 36/40 MP: 7/7
  4112 | D:5      | Found a staircase to the Ecumenical Temple.
  4118 | Temple   | Entered the Ecumenical Temple
  4363 | Temple   | Became a worshipper of Warmaster Okawaru
  4411 | D:5      | Reached skill level 8 in Staves
  4411 | D:5      | Reached skill level 1 in Invocations
  4723 | D:5      | Noticed a moth of wrath
  4725 | D:5      | Found a bloodstained altar of Trog.
  5105 | D:6      | Noticed Grinder
  5119 | D:5      | Reached * piety under Okawaru
  5200 | D:6      | Found Xuunouth's Elemental Accessories.
  5243 | D:6      | Reached skill level 9 in Staves
  5243 | D:6      | Reached XP level 8. HP: 38/44 MP: 9/9
  5447 | D:6      | Found a sand-covered staircase.
  5458 | Ossuary  | Entered an ossuary
  5655 | Ossuary  | Reached skill level 10 in Staves
  5699 | Ossuary  | Reached ** piety under Okawaru
  6068 | D:6      | Killed Grinder
  6069 | D:6      | Reached skill level 11 in Staves
  6069 | D:6      | Reached XP level 9. HP: 42/48 MP: 10/10
  6096 | D:6      | Found a hazy altar of Hepliaklqana.
  6096 | D:6      | Found a basalt altar of Yredelemnul.
  6096 | D:6      | Found a glowing silver altar of Zin.
  6099 | D:6      | Noticed a troll
  6104 | D:6      | Found a transporter.
  6114 | D:6      | Found a transporter.
  6129 | D:6      | Found a snail-covered altar of Cheibriados.
  6507 | D:6      | Reached skill level 1 in Bows
  6507 | D:6      | Got a faintly glowing scale mail
  6572 | D:6      | Found a shimmering altar of Xom.
  6643 | D:6      | Reached *** piety under Okawaru
  6811 | D:6      | Identified the +1 scale mail "Jusen" {Will+ Str+3} (You
                  | found it on level 6 of the Dungeon)
  6888 | D:7      | Reached skill level 12 in Staves
  6900 | D:7      | Slain by an orc warrior

Illustrated notes

Levels and vault maps discovered:
D:1:      wander_arrival_desolate, layout_basic, minmay_misc_feat_encased
D:2:      layout_loops_ring, fiery_altar_vehumet
D:3:      kennysheep_the_goblin_king, layout_rooms, old_standard_altar,
          lemuel_round_altar, lemuel_doored_altar
D:4:      layout_layer_cave
D:5:      layout_loops_ring, nemelex_xobeh_ov_fountains_minmay, tgw_trog,
          minmay_temple_entry_hall
D:6:      minmay_diamond_boxcup, layout_cave_pods, general_overflow_altar,
          gammafunk_temple_overflow_arena, gup_ossuary_entry_pyramid,
          nicolae_elemental_shop, kb_xom_exploding_sheep, uniq_grinder
D:7:      minmay_the_grid_triangle_9x9_recursive_2
          [minmay_the_grid_triangle_9x9_prize_special,
          minmay_the_grid_triangle_9x9_subtriangle,
          minmay_the_grid_triangle_9x9_wacky_v,
          minmay_the_grid_triangle_9x9_limited_checkers], layout_cave_pools,
          minitemple, minmay_checkerbox
Temple:   jpeg_temple_island

Skill      XL: |  1  2  3  4  5  6  7  8  9 |
---------------+----------------------------+-----
Staves         | 4 5 6 7 9 11 12 | 12.0
Invocations    | 2 |  2.5
Bows           | 2 |  2.0
Fighting       | |  2.1
Throwing       | |  1.7
Dodging        | |  2.4

Action                   |  1- 3 |  4- 6 |  7- 9 || total
-------------------------+-------+-------+-------++-------
Melee: Quarterstaff      |    85 |   208 |   448 ||   741
 Fire: Shortbow          |       |       |     2 ||     2
Throw: Throwing net      |       |       |     1 ||     1
Evoke: Wand              |       |       |     3 ||     3
  Use: Scroll            |     7 |     6 |     9 ||    22
 Stab: Held in net/web   |       |       |     2 ||     2
Armor: Scale mail        |    36 |    25 |    41 ||   102
       Leather armour    |     3 |       |       ||     3
       Chain mail        |       |    84 |       ||    84
       Plate armour      |       |    14 |   259 ||   273
Dodge: Dodged            |    51 |    74 |   135 ||   260
Block: Other             |       |     6 |   110 ||   116
       Reflection        |       |       |     3 ||     3

Table legend: (Time is in decaauts)
 A = Elapsed time spent in this place.
 B = Non-inter-level travel time spent in this place.
 C = Inter-level travel time spent in this place.
 D = Time resting spent in this place.
 E = Time spent auto-exploring this place.
 F = Levels seen in this place.
 G = Mean time per level.
                   A        B        C        D        E       F      G
               +--------+--------+--------+--------+--------+-----+--------+
         Total |   6859 |   6505 |    354 |    995 |   3995 |   9 |  762.1 |
       Dungeon |   6170 |   5856 |    314 |    943 |   3616 |   7 |  881.4 |
        Temple |    316 |    276 |     40 |      0 |    274 |   1 |  316.0 |
       Ossuary |    372 |    372 |      0 |     52 |    105 |   1 |  372.0 |
               +--------+--------+--------+--------+--------+-----+--------+

Top non-repeatable levels by time:
     D:4: 1599 daAuts
     D:6: 1130 daAuts
     D:5: 1064 daAuts
     D:1: 898 daAuts
     D:2: 819 daAuts
     D:3: 609 daAuts
 Ossuary: 372 daAuts
  Temple: 316 daAuts
     D:7: 48 daAuts
